 Dungeon Crawl Stone Soup version 0.28-a0-224-g76b539d98b (webtiles) character file.

Game seed: 3492032710109664223

1521 theanonym the Carver (level 8, 0/109 HPs)
             Began as a Minotaur Abyssal Knight on Aug 21, 2021.
             Was a Priest of Lugonu.
             Slain by a killer bee (1 damage)
             ... on level 7 of the Dungeon.
             The game lasted 00:08:39 (6483 turns).

theanonym the Carver (Minotaur Abyssal Knight)      Turns: 6483, Time: 00:08:40

Health: 0/109      AC: 24    Str: 18    XL:     8   Next: 54%
Magic:  17/17      EV:  2    Int:  9    God:    Lugonu [***...]
Gold:   173        SH:  0    Dex: 11    Spells: 7/7 levels left

rFire   + . .      SeeInvis .   a - +2 falchion
rCold   + . .      Faith    .   (no shield)
rNeg    + + +      Spirit   .   (armour currently unavailable)
rPois   +          Reflect  .   (helmet currently unavailable)
rElec   +          Harm     .   (cloak currently unavailable)
rCorr   +          Rampage  .   (gloves currently unavailable)
Will    .....      NoTele   +   (boots currently unavailable)
Stlth   +.........              (no amulet)
HPRegen 0.28/turn               d - ring of magical power
MPRegen 0.15/turn               (no ring)

@: lethally poisoned (0 -> -9), tree-form, resistant
A: stationary, stasis, torment immunity, boosted hp, (horns 2), (retaliatory
headbutt)
a: Renounce Religion, Depart the Abyss, Bend Space, Banish


Innate Abilities, Weirdness & Mutations

You are a tree.
Your roots penetrate the ground, keeping you stationary.
You cannot be teleported.
You are immune to unholy pain and torment.
Your maximum health is greatly increased.
Your equipment is partially melded.
((You have a pair of horns on your head.))
((You reflexively headbutt those who attack you in melee.))


   Skills:
 + Level 7.3 Fighting
 * Level 9.4 Long Blades
 + Level 6.8 Armour
 - Level 1.1 Dodging
 - Level 1.7 Invocations


You had 7 spell levels left.
You didn't know any spells.
Your spell library contained the following spells:

 Spells                   Type           Power      Damage    Failure   Level
 Foxfire                  Conj/Fire      0%         2x1d4     38%         1
 Magic Dart               Conj           0%         1d3       38%         1
 Call Imp                 Summ           0%         N/A       52%         2
 Conjure Flame            Conj/Fire      0%         6-21      77%         3
 Inner Flame              Hex/Fire       0%         N/A       77%         3
 Mephitic Cloud           Conj/Pois/Air  0%         N/A       77%         3
 Chain Lightning          Conj/Air       0%         N/A       100%        9
 Fire Storm               Conj/Fire      0%         5d1       100%        9

Skill      XL: |  1  2  3  4  5  6  7  8 |
---------------+-------------------------+-----
Long Blades    | 3 4 5 6 8 9 |  9.4
Fighting       | 4 5 6 7 |  7.3
Armour         | 3 4 5 6 |  6.8
Dodging        | |  1.1
Invocations    | |  1.7

Action                   |  1- 3 |  4- 6 |  7- 9 || total
-------------------------+-------+-------+-------++-------
Melee: Falchion          |    82 |   124 |   147 ||   353
       Headbutt          |    12 |    23 |    32 ||    67
Evoke: Wand              |       |       |     1 ||     1
  Use: Potion            |     2 |     1 |     8 ||    11
       Scroll            |       |     2 |    10 ||    12
 Stab: Invisible         |       |       |     1 ||     1
Armor: Leather armour    |    33 |    32 |       ||    65
       Plate armour      |       |     9 |    94 ||   103
       Skin              |       |       |    53 ||    53
Dodge: Dodged            |    42 |    64 |    44 ||   150
       Rpst.: Falchion   |     6 |    18 |    13 ||    37

Inventory:

Hand Weapons
 a - a +2 falchion (weapon)
Missiles
 h - 2 throwing nets
Armour
 g - a +0 cloak (melded)
 i - a +0 pair of gloves (melded)
 s - a +0 plate armour (melded)
Jewellery
 c - a ring of wizardry
 d - a ring of magical power (left branch)
 l - a ring of fire
Wands
 w - a wand of flame (17)
Scrolls
 q - a scroll of vulnerability {unknown}
 t - a scroll of teleportation
 u - a scroll of silence {unknown}
 B - a scroll of blinking
Potions
 e - a potion of degeneration
 p - 2 potions of attraction
 z - a potion of lignification


You were on level 7 of the Dungeon.
You worshipped Lugonu.
Lugonu was most pleased with you.
You were a tree.
You visited 1 branch of the dungeon, and saw 9 of its levels.
You visited the Abyss 1 time.

You collected 173 gold pieces.

Dungeon Overview and Level Annotations

Branches:
Dungeon (9/15)                Orc (0/2) D:9
 Temple: D:4-7         Lair: D:8-11

Altars:
Kikubaaqudgha

Shops:
D:4

* . . ##.
..
####.######
#.........#
#....yoy..#
#...yy♣...#
###########


You could see an orc warrior and 4 killer bees.

Notes
Turn   | Place    | Note
-------+----------+-------------------------------------------
     0 | Abyss:1  | theanonym the Minotaur Abyssal Knight began the quest for
                  | the Orb.
     0 | Abyss:1  | Reached XP level 1. HP: 19/19 MP: 1/1
    14 | D:1      | Escaped the Abyss
   362 | D:1      | Reached skill level 3 in Long Blades
   362 | D:1      | Reached XP level 2. HP: 27/27 MP: 2/2
  1325 | D:2      | Reached skill level 4 in Fighting
  1325 | D:2      | Reached skill level 3 in Armour
  1325 | D:2      | Reached XP level 3. HP: 17/33 MP: 3/3
  1325 | D:2      | HP: 15/33 [frilled lizard (2)]
  1722 | D:2      | Reached ** piety under Lugonu
  1748 | D:2      | Found a faded altar of an unknown god.
  1931 | D:3      | Reached skill level 4 in Long Blades
  1993 | D:3      | Noticed a bullfrog
  2005 | D:3      | Killed a bullfrog
  2006 | D:3      | Reached XP level 4. HP: 30/41 MP: 4/4
  2012 | D:3      | HP: 18/41 [gnoll (3)]
  2017 | D:3      | HP: 17/41 [gnoll (1)]
  2021 | D:3      | Reached XP level 5. HP: 13/47 MP: 5/5
  2473 | D:2      | Reached skill level 5 in Long Blades
  2677 | D:3      | Reached skill level 4 in Armour
  2804 | D:3      | You fall into a shaft and drop 2 floors!
  2804 | D:5      | Entered Level 5 of the Dungeon
  2822 | D:5      | Noticed a necrophage
  2833 | D:5      | Killed a necrophage
  2834 | D:5      | Reached skill level 5 in Fighting
  2834 | D:5      | Reached XP level 6. HP: 30/56 MP: 6/6
  3032 | D:4      | Reached skill level 6 in Long Blades
  3750 | D:4      | HP: 26/56 [gnoll (8)]
  4084 | D:4      | HP: 28/56 [gnoll (6)]
  4091 | D:4      | HP: 27/56 [hound (2)]
  4434 | D:4      | Found Tedweawe's Neck Hole.
  4819 | D:5      | Reached skill level 5 in Armour
  4819 | D:5      | Reached XP level 7. HP: 53/62 MP: 7/7
  4949 | D:5      | Reached skill level 7 in Long Blades
  5037 | D:5      | Reached *** piety under Lugonu
  5058 | D:5      | Reached skill level 6 in Fighting
  5152 | D:5      | Noticed a shadow
  5172 | D:5      | Killed a shadow
  5434 | D:5      | HP: 28/63 [sky beast (5)]
  5442 | D:6      | HP: 28/63 [sky beast (2)]
  5453 | D:5      | Reached skill level 8 in Long Blades
  5762 | D:5      | Reached skill level 6 in Armour
  5948 | D:5      | Reached XP level 8. HP: 71/71 MP: 8/8
  5986 | D:5      | Reached skill level 7 in Fighting
  5987 | D:5      | HP: 36/73 [wyvern skeleton (2)]
  5991 | D:5      | Reached skill level 9 in Long Blades
  6286 | D:6      | You fall into a shaft and drop 3 floors!
  6413 | D:8      | Found an ancient bone altar of Kikubaaqudgha.
  6469 | D:7      | HP: 52/109 [killer bee (3)]
  6474 | D:7      | HP: 27/109 [killer bee (3)]
  6475 | D:7      | HP: 8/73 [killer bee (5)]
  6483 | D:7      | HP: 11/109 [killer bee (3)]
  6483 | D:7      | HP: 1/109 [orc warrior (9)]
  6483 | D:7      | Slain by a killer bee

Vanquished Creatures
  A shadow (D:5)
  A sky beast (D:5)
  An ice beast (D:8)
  A black bear (D:5)
  An ogre (D:5)
  A necrophage (D:5)
  2 phantoms (D:5)
  A scorpion (D:5)
  A bullfrog (D:3)
  A wyvern skeleton (D:5)
  A bullfrog zombie (D:6)
  3 hounds
  2 bullfrog skeletons (D:5)
  A gnoll shaman (D:4)
  A jelly (D:8)
  A centaur skeleton (D:4)
  An iguana (D:5)
  2 orc wizards
  A hound skeleton (D:4)
  7 adders
  12 gnolls
  An ufetubus (D:5)
  An adder skeleton (D:4)
  3 worms (D:2)
  A dart slug (D:1)
  7 orcs
  4 endoplasms
  6 giant cockroaches
  3 goblins
  5 hobgoblins
  2 jackals (D:3)
  6 kobolds
  2 quokkas
  2 bats (D:2)
  2 frilled lizards
  6 rats
94 creatures vanquished.

Table legend: (Time is in decaauts)
 A = Elapsed time spent in this place.
 B = Non-inter-level travel time spent in this place.
 C = Inter-level travel time spent in this place.
 D = Time resting spent in this place.
 E = Time spent auto-exploring this place.
 F = Levels seen in this place.
 G = Mean time per level.
                   A        B        C        D        E       F      G
               +--------+--------+--------+--------+--------+-----+--------+
         Total |   6467 |   6320 |    147 |   1667 |   3727 |  10 |  646.7 |
       Dungeon |   6452 |   6305 |    147 |   1667 |   3723 |   9 |  716.9 |
         Abyss |     15 |     15 |      0 |      0 |      4 |   1 |   15.0 |
               +--------+--------+--------+--------+--------+-----+--------+

Top non-repeatable levels by time:
     D:5: 1635 daAuts
     D:3: 1266 daAuts
     D:2: 1238 daAuts
     D:4: 1224 daAuts
     D:1: 862 daAuts
     D:8: 132 daAuts
     D:9: 44 daAuts
     D:6: 34 daAuts
 Abyss:1: 15 daAuts
     D:7: 14 daAuts
